[Event "75th Argentine Women-ch 2024"]
[Site "Buenos Aires"]
[Date "2024.11.27"]
[Round "6.1"]
[White "Nejanky, Maisa"]
[Black "Adam, Ernestina"]
[Result "0-1"]
[ECO "B56"]
[WhiteElo "1928"]
[BlackElo "2154"]
[Annotator "RC"]
[PlyCount "76"]
[EventDate "2024.11.21"]
[EventType "swiss"]
[EventCountry "ARG"]
[SourceTitle "playchess.com"]
[Source "ChessBase"]
[SourceQuality "1"]
[TimeControl "5400+30"]

1. e4 c5 2. Nf3 d6 3. d4 cxd4 4. Nxd4 Nf6 5. Nc3 Nc6 6. Be3 Ng4 7. Bb5 Nxe3 8. fxe3 Bd7 9. O-O e6 10. Bxc6 bxc6 11. Qf3 Qf6 12. Qe2 Qg5 13. Rf3 Qd8 14. Raf1 f6 15. Rg3 g6 16. Qc4 d5 17. exd5 cxd5 18. Nxd5 exd5 19. Qxd5 Be7 20. e4 Rc8 21. Rd3 Rc5 22. Qb7 Qb6 23. Qxb6 axb6 24. Rb3 b5 25. Ra3 Rc8 26. Rd3 O-O 27. Nb3 Be6 28. Rd2 Bxb3 29. axb3 Rfd8 30. Re2 Bc5+ 31. Kh1 Bd4 32. c3 Be5 33. g3 Rd3 34. Kg2 b4 35. cxb4 Rxb3 36. Rb1 Rxb4 37. Kf3 Rcb8 38. h4 Rb3+ 0-1

[Event "75th Argentine Women-ch 2024"]
[Site "Buenos Aires"]
[Date "2024.11.27"]
[Round "6.2"]
[White "Campos, Maria Jose"]
[Black "Brizzi, Milagros Tatiana"]
[Result "1/2-1/2"]
[ECO "D23"]
[WhiteElo "2272"]
[BlackElo "2114"]
[Annotator "RC"]
[PlyCount "77"]
[EventDate "2024.11.21"]
[EventType "swiss"]
[EventCountry "ARG"]
[SourceTitle "playchess.com"]
[Source "ChessBase"]
[SourceQuality "1"]
[TimeControl "5400+30"]

1. c4 c6 2. Nf3 d5 3. d4 Nf6 4. Qb3 dxc4 5. Qxc4 Bf5 6. g3 e6 7. Bg2 Be7 8. O-O O-O 9. Qb3 Qb6 10. Nbd2 Nbd7 11. Nc4 Qa6 12. Bf4 Nd5 13. Bd6 Bxd6 14. Nxd6 Qxe2 15. Qxb7 N7b6 16. Ne5 Bg6 17. b3 Rad8 18. Qxc6 Qb2 19. Qc5 Nc3 20. Nc6 Rd7 21. Nc4 Nxc4 22. bxc4 Be4 23. Bxe4 Nxe4 24. Ne7+ Kh8 25. Ng6+ hxg6 26. Qxf8+ Kh7 27. Rab1 Qxd4 28. Rb8 g5 29. Qh8+ Kg6 30. Rg8 Nd2 31. h4 gxh4 32. Rd1 Nf3+ 33. Kg2 Qxd1 34. Qxg7+ Kf5 35. Qg4+ Kf6 36. Qg7+ Ke7 37. Qf8+ Kf6 38. Qg7+ Ke7 39. Qf8+ 1/2-1/2

[Event "75th Argentine Women-ch 2024"]
[Site "Buenos Aires"]
[Date "2024.11.27"]
[Round "6.3"]
[White "Zuriel, Marisa"]
[Black "Amura, Claudia"]
[Result "1/2-1/2"]
[ECO "B06"]
[WhiteElo "2163"]
[BlackElo "2183"]
[Annotator "RC"]
[PlyCount "71"]
[EventDate "2024.11.21"]
[EventType "swiss"]
[EventCountry "ARG"]
[SourceTitle "playchess.com"]
[Source "ChessBase"]
[SourceQuality "1"]
[TimeControl "5400+30"]

1. e4 g6 2. d4 Bg7 3. Nc3 a6 4. a4 d6 5. Be3 Nc6 6. Qd2 e5 7. d5 Nce7 8. Nge2 f5 9. f4 Nf6 10. fxe5 dxe5 11. Bh6 O-O 12. Bxg7 Kxg7 13. exf5 Nxf5 14. h3 c6 15. g4 Nh4 16. O-O-O Nf3 17. Qe3 Nxd5 18. Nxd5 cxd5 19. Bg2 d4 20. Qe4 Qg5+ 21. Kb1 Nd2+ 22. Rxd2 Qxd2 23. Qxe5+ Kh6 24. Qe7 Bd7 25. Bxb7 Rae8 26. g5+ Qxg5 27. Qxd7 Rxe2 28. Qxd4 Rff2 29. h4 Qf5 30. Rc1 Rxc2 31. Rxc2 Qxc2+ 32. Ka2 Re2 33. Qf4+ Kg7 34. Qd4+ Kh6 35. Qf4+ Kg7 36. Qd4+ 1/2-1/2

[Event "75th Argentine Women-ch 2024"]
[Site "Buenos Aires"]
[Date "2024.11.26"]
[Round "6.4"]
[White "Bosco, Giuliana"]
[Black "Montiel Marin, Micaela Agustina"]
[Result "1-0"]
[ECO "B89"]
[WhiteElo "1953"]
[BlackElo "1880"]
[Annotator "RC"]
[PlyCount "51"]
[EventDate "2024.11.21"]
[EventType "swiss"]
[EventCountry "ARG"]
[SourceTitle "playchess.com"]
[Source "ChessBase"]
[SourceQuality "1"]
[TimeControl "5400+30"]

1. e4 c5 2. Nc3 Nc6 3. Nge2 d6 4. d4 cxd4 5. Nxd4 Nf6 6. Bc4 e6 7. Be3 Be7 8. Qe2 a6 9. O-O-O Qc7 10. Bb3 Bd7 11. g4 Nxd4 12. Bxd4 e5 13. g5 exd4 14. gxf6 dxc3 15. fxe7 cxb2+ 16. Kxb2 Kxe7 17. Qh5 g6 18. Qg5+ f6 19. Qh6 Raf8 20. Rd4 Bc6 21. Rhd1 Kd8 22. Qh3 Qe7 23. Rxd6+ Kc7 24. Re6 Qc5 25. Qg3+ Kb6 26. Rd5 1-0

[Event "75th Argentine Women-ch 2024"]
[Site "Buenos Aires"]
[Date "2024.11.27"]
[Round "6.5"]
[White "Alvarez, Mia Morena"]
[Black "Ramirez, Marysol"]
[Result "1-0"]
[ECO "C55"]
[WhiteElo "1653"]
[BlackElo "1824"]
[Annotator "NA RC"]
[PlyCount "111"]
[EventDate "2024.11.21"]
[EventType "swiss"]
[EventCountry "ARG"]
[SourceTitle "playchess.com"]
[Source "ChessBase"]
[SourceQuality "1"]
[TimeControl "5400+30"]

1. e4 e5 2. Nf3 d6 3. Bc4 Be7 4. c3 Nf6 5. d3 O-O 6. O-O Nc6 7. Nbd2 Kh8 {[%emt 0:02:33] C55: Two Knights: 4 d3, 4 d4 exd4 5 e5 and Max Lange Attack.} 8. Re1 Ng8 9. Nf1 f5 10. exf5 Bxf5 11. Ng3 Bg4 12. Bd5 Nf6 13. Bb3 Nd7 14. Bd5 Nb6 15. h3 Nxd5 16. hxg4 Qd7 17. g5 Nf4 18. Bxf4 Rxf4 19. b4 (19. Re4 $11) 19... Qg4 20. b5 Nd8 21. d4 e4 22. Nd2 (22. Qb3 $1 $14) 22... d5 23. Ne2 Rf5 24. Nf1 Rxg5 25. Ne3 Qh4 26. Ng3 g6 27. c4 c6 28. cxd5 cxd5 29. Qb3 Bd6 ({Much less strong is} 29... Ne6 30. Rad1 Bd6 31. Nef1 $19) 30. Nxd5 $2 (30. Nef1) 30... Bxg3 31. fxg3 Rxg3 32. Re3 Rxe3 33. Qxe3 Ne6 34. Nc3 Ng5 35. d5 Kg7 36. d6 Qg4 37. Qd4+ Kh6 38. Qe3 Rf8 39. Rf1 Rf3 40. Qe2 Nh3+ 41. Kh1 Qh4 42. gxf3 exf3 43. Qh2 Qg4 44. Rg1 Qe6 45. Qd2+ g5 46. Re1 Qg4 47. Qh2 Kg6 48. Ne4 Qf5 49. Nf2 Nf4 50. Re7 h5 51. d7 Qd5 52. Qg1 Ne2 53. Qd1 Nd4 54. Qd3+ Kf6 55. Re4 Qxa2 56. d8=Q+ 1-0

[Event "75th Argentine Women-ch 2024"]
[Site "Buenos Aires"]
[Date "2024.11.27"]
[Round "6.6"]
[White "Maggiolo, Elisa"]
[Black "Herrera, Solange"]
[Result "1-0"]
[ECO "C02"]
[WhiteElo "1922"]
[BlackElo "1880"]
[Annotator "RC"]
[PlyCount "55"]
[EventDate "2024.11.21"]
[EventType "swiss"]
[EventCountry "ARG"]
[SourceTitle "playchess.com"]
[Source "ChessBase"]
[SourceQuality "1"]
[TimeControl "5400+30"]

1. e4 e6 2. d4 d5 3. e5 c5 4. c3 Nc6 5. Nf3 Qb6 6. a3 c4 7. Nbd2 Na5 8. Rb1 Bd7 9. b4 cxb3 10. Nxb3 Nxb3 11. Nd2 Rc8 12. Nxb3 Ba4 13. Qc2 Ne7 14. Qa2 Bxb3 15. Rxb3 Qc7 16. Qb1 Rb8 17. Bd3 Nc6 18. O-O Be7 19. f4 Na5 20. Bb5+ Nc6 21. f5 exf5 22. Qxf5 O-O 23. Bd3 g6 24. Qf3 Na5 25. Rb5 Qxc3 26. Rxd5 Rbd8 27. Rxd8 Bxd8 28. Bh6 1-0

[Event "75th Argentine Women-ch 2024"]
[Site "Buenos Aires"]
[Date "2024.11.27"]
[Round "6.7"]
[White "Bossero, Ingrid"]
[Black "Gaite, Karen Nerina"]
[Result "1-0"]
[ECO "C54"]
[WhiteElo "1694"]
[BlackElo "1997"]
[Annotator "RC"]
[PlyCount "105"]
[EventDate "2024.11.21"]
[EventType "swiss"]
[EventCountry "ARG"]
[SourceTitle "playchess.com"]
[Source "ChessBase"]
[SourceQuality "1"]
[TimeControl "5400+30"]

1. e4 e5 2. Nf3 Nc6 3. Bc4 Bc5 4. c3 Nf6 5. d3 a5 6. Bb3 d6 7. O-O O-O 8. Bg5 h6 9. Be3 Bxe3 10. fxe3 d5 11. exd5 Nxd5 12. Qe1 Be6 13. Nbd2 a4 14. Bc2 a3 15. Nc4 axb2 16. Nxb2 b5 17. d4 Nde7 18. dxe5 Rxa2 19. Rxa2 Bxa2 20. Qa1 Qa8 21. Nd4 Nxe5 22. Nxb5 c6 23. Nd4 Nd5 24. Qe1 Qa3 25. Nd1 Bc4 26. Rf5 f6 27. Rh5 Ne7 28. Rh3 Qc1 29. Bb3 Rd8 30. Ne2 Qd2 31. Bxc4+ Qd5 32. Bxd5+ Nxd5 33. Nd4 Ne7 34. e4 N7g6 35. Rg3 Kf7 36. h3 Nf4 37. Qf1 g5 38. Re3 c5 39. Nf5 Kg6 40. Ne7+ Kf7 41. Nd5 Neg6 42. Nxf4 Nxf4 43. Kh2 Rd2 44. Nf2 h5 45. g3 Ne6 46. Re2 Rd7 47. Ra2 h4 48. gxh4 Nf4 49. Qc4+ Kg7 50. hxg5 fxg5 51. e5 Re7 52. Qxc5 Ng6 53. Ra7 1-0

[Event "75th Argentine Women-ch 2024"]
[Site "Buenos Aires"]
[Date "2024.11.27"]
[Round "6.8"]
[White "Perez Lascano, Lucila"]
[Black "Palomares, Lujan"]
[Result "1-0"]
[ECO "B14"]
[WhiteElo "1593"]
[BlackElo "1633"]
[Annotator "NA RC"]
[PlyCount "93"]
[EventDate "2024.11.21"]
[EventType "swiss"]
[EventCountry "ARG"]
[SourceTitle "playchess.com"]
[Source "ChessBase"]
[SourceQuality "1"]
[TimeControl "5400+30"]

1. e4 c6 2. d4 d5 3. exd5 cxd5 4. c4 Nf6 5. Nc3 g6 6. Qb3 e6 7. Nf3 Nc6 8. c5 a6 9. Bf4 Bg7 10. Be2 O-O 11. O-O Ne4 12. Rad1 Re8 13. Na4 e5 14. dxe5 Nxe5 15. Bxe5 Bxe5 16. Rxd5 Qf6 17. Nxe5 Rxe5 18. Rxe5 Qxe5 19. Qc2 Bf5 20. Bd3 Nxc5 21. Bxf5 Nxa4 22. Qxa4 Qxf5 23. Rd1 Rc8 24. Qd4 Qb5 25. h3 Rc2 26. Rd2 Rc1+ 27. Rd1 Rxd1+ 28. Qxd1 Qxb2 29. a4 b5 30. Qd8+ Kg7 31. a5 Qa1+ 32. Kh2 Qe5+ 33. g3 b4 34. Qb6 Qb2 35. Kg2 b3 36. Qxa6 Qd4 37. Qb7 Qa4 38. a6 b2 39. Qxb2+ Kh6 40. Qd2+ Kg7 41. Qc3+ Kh6 42. Qe3+ Kg7 43. a7 Qc6+ 44. Kh2 Qa8 45. Qb6 Qf3 46. Qd4+ Kg8 47. Qd8+ 1-0

[Event "75th Argentine Women-ch 2024"]
[Site "Buenos Aires"]
[Date "2024.11.26"]
[Round "6.9"]
[White "Quiroga Ortiz, Isabella"]
[Black "Macuri, Genesis"]
[Result "1-0"]
[ECO "C42"]
[WhiteElo "1508"]
[BlackElo "1449"]
[Annotator "NA RC"]
[PlyCount "43"]
[EventDate "2024.11.21"]
[EventType "swiss"]
[EventCountry "ARG"]
[SourceTitle "playchess.com"]
[Source "ChessBase"]
[SourceQuality "1"]
[TimeControl "5400+30"]

1. e4 e5 2. Nf3 d6 3. Bc4 Nf6 4. Nc3 Be7 5. d3 O-O 6. h3 c5 7. Ne2 Nc6 8. c3 b6 9. O-O Bb7 10. Ng3 Qd7 11. Nf5 g6 12. Bh6 Rfe8 13. Nxe7+ Qxe7 14. Ng5 Nd8 15. f4 exf4 16. Rxf4 Ne6 17. Bxe6 fxe6 18. Qf1 Nd7 19. Rf7 Qd8 20. Rg7+ Kh8 21. Rxh7+ Kg8 22. Qf7# 1-0

[Event "75th Argentine Women-ch 2024"]
[Site "Buenos Aires"]
[Date "2024.11.26"]
[Round "6.10"]
[White "Manzoni, Camila"]
[Black "Perez Mosqueda, Valeria Ritzabeth"]
[Result "0-1"]
[ECO "A80"]
[WhiteElo "1521"]
[BlackElo "1476"]
[Annotator "NA RC"]
[PlyCount "128"]
[EventDate "2024.11.21"]
[EventType "swiss"]
[EventCountry "ARG"]
[SourceTitle "playchess.com"]
[Source "ChessBase"]
[SourceQuality "1"]
[TimeControl "5400+30"]

1. d4 e6 2. Bf4 f5 3. Nf3 Nf6 4. e3 Be7 5. Be2 b6 6. Nbd2 Bb7 7. O-O h6 8. h3 O-O 9. Ne5 d6 10. Ng6 Rf7 11. Nxe7+ Rxe7 12. Nf3 Nbd7 13. Bh2 Ne4 14. Nd2 Ndf6 15. Nxe4 Nxe4 16. c4 g5 17. d5 Qe8 18. Bh5 Qf8 19. Bf3 exd5 20. cxd5 Qf7 21. Bh5 Qxd5 22. Qxd5+ Bxd5 23. Rfd1 Bf7 24. Bxf7+ Rxf7 25. Rac1 h5 26. f3 Nc5 27. b4 Na6 28. a3 Re8 29. Re1 Rfe7 30. Kf2 Rf7 31. Kg1 Rd7 32. Kf2 c5 33. b5 Nc7 34. a4 d5 35. Red1 Ne6 36. Be5 Rf8 37. Rd2 f4 38. exf4 Nxf4 39. Rcd1 d4 40. Re1 g4 41. Bxf4 Rxf4 42. Re8+ Kf7 43. Re4 Rxe4 44. fxe4 Kg6 45. Kg3 Kg5 46. h4+ Kg6 47. Kf4 c4 48. e5 d3 49. Ke4 Kf7 50. Rd1 d2 51. Kf5 Rd5 52. Ke4 Ke6 53. g3 c3 54. Ke3 Kxe5 55. Ke2 c2 56. Rxd2 c1=Q 57. Rxd5+ Kxd5 58. Kd3 Qc4+ 59. Ke3 Qd4+ 60. Ke2 Qc3 61. Kf1 Qd2 62. Kg1 Ke4 63. Kf1 Kf3 64. Kg1 Qg2# 0-1